 Dungeon Crawl Stone Soup version 0.30-a0-778-g2ef04afb54 (webtiles) character file.

Game seed: 2810186881160178576

44042 retardedninja the Severer (level 13, -1/125 HPs)
             Began as a Minotaur Fighter on Feb 16, 2023.
             Was an Elder of Trog.
             Slain by a black mamba (8 damage)
             ... on level 5 of the Lair of Beasts.
             The game lasted 00:21:42 (19790 turns).

retardedninja the Severer (Minotaur Fighter)       Turns: 19790, Time: 00:21:43

Health: -1/125     AC: 23    Str: 31    XL:     13   Next: 94%
Magic:  12/12      EV:  8    Int:  5    God:    Trog [****..]
Gold:   766        SH:  7    Dex:  9    Spells: 12/12 levels left

rFire   + . .      SeeInvis .    a - +3 war axe
rCold   . . .      Faith    .    c - +0 buckler
rNeg    . . .      Spirit   .    D - +2 plate armour {rPois}
rPois   +          Reflect  .    f - +1 hat {Stlth+}
rElec   .          Harm     .    H - +0 cloak
rCorr   .          Rampage  .    b - +1 pair of gloves
Will    +....                    (no boots) Stlth
                                 (no amulet)
HPRegen 0.40/turn                E - ring of poison resistance
MPRegen 0.13/turn                w - ring of Insomnia {Drain rF+ Will+ Str+4 Stlth+}

@: no status effects
A: horns 2, retaliatory headbutt
a: Renounce Religion, Berserk, Trog's Hand, Brothers in Arms


You were on level 5 of the Lair of Beasts.
You worshipped Trog.
Trog was greatly pleased with you.
You visited 3 branches of the dungeon, and saw 16 of its levels.

You collected 766 gold pieces.

Inventory:

Hand Weapons
 a - a +3 war axe (weapon)
Missiles
 o - 3 throwing nets
 C - a javelin (quivered)
Armour
 b - a +1 pair of gloves (worn)
 c - a +0 buckler (worn)
 f - a +1 hat of stealth (worn)
 D - a +2 plate armour of poison resistance (worn)
 H - a +0 cloak (worn)
Jewellery
 w - the ring of Insomnia (right hand) {Drain rF+ Will+ Str+4 Stlth+}
   (You acquired it on level 10 of the Dungeon)

   [ring of willpower]

   Str:       It affects your strength (+4).
   rF:        It protects you from fire.
   Drain:     It drains your maximum health when unequipped.
   Will:      It increases your willpower.
   Stlth:     It makes you more stealthy.
 E - a ring of poison resistance (left hand)
Wands
 g - a wand of flame (26)
 j - a wand of charming (4)
 k - a wand of digging (5)
 p - a wand of mindburst (4)
 r - a wand of roots (34)
 u - a wand of polymorph (9)
Scrolls
 e - 3 scrolls of teleportation
 i - 4 scrolls of poison
 l - 2 scrolls of magic mapping
 m - 2 scrolls of fog
 y - 4 scrolls of identify
 B - a scroll of silence
Potions
 h - 7 potions of brilliance
 n - 4 potions of magic
 q - a potion of mutation
 s - 3 potions of attraction
 t - 3 potions of lignification
 x - a potion of haste
 z - a potion of might
 A - 4 potions of flight
 F - 2 potions of heal wounds
 G - a potion of ambrosia
Miscellaneous
 d - a phial of floods
 v - a condenser vane (inert)


   Skills:
 + Level 14.7 Fighting
 * Level 15.7 Axes
 + Level 14.6 Armour
 + Level 14.7 Shields


You had 12 spell levels left.
You didn't know any spells.
Your spell library contained the following spells:

 Spells                   Type           Power      Damage    Failure   Level
 Foxfire                  Conj/Fire      0%         2x1d4     97%         1
 Kiss of Death            Conj/Necr      0%         2d5       97%         1
 Magic Dart               Conj           0%         1d3       97%         1
 Slow                     Hex            0%         N/A       97%         1
 Call Imp                 Summ           0%         N/A       99%         2
 Confusing Touch          Hex            0%         N/A       100%        3
 Ignite Poison            Fire/Tmut/Pois 0%         N/A       100%        3
 Inner Flame              Hex/Fire       0%         N/A       100%        3
 Kindle Blastsparks       Fire/Tloc/Air  0%         2d10      100%        3
 Mephitic Cloud           Conj/Pois/Air  0%         N/A       100%        3
 Ozocubu's Armour         Ice            0%         N/A       100%        3
 Vampiric Draining        Necr           0%         2d6       100%        3
 Cause Fear               Hex            0%         N/A       100%        4
 Fireball                 Conj/Fire      0%         3d3       100%        5
 Freezing Cloud           Conj/Ice/Air   0%         6-21      100%        5
 Metabolic Englaciation   Hex/Ice        0%         N/A       100%        5
 Simulacrum               Ice/Necr       0%         N/A       100%        6
 Starburst                Conj/Fire      0%         6d3       100%        6
 Discord                  Hex            0%         N/A       100%        8


Dungeon Overview and Level Annotations

Branches:
Dungeon (10/15)            Temple (1/1) D:7            Lair (5/5) D:9
 Shoals (0/4) Lair:3       Spider (0/4) Lair:2          Orc (0/2) D:9
  Slime: Lair:4-5

Altars:
Ashenzari
Cheibriados
Dithmenos
Elyvilon
Fedhas
Gozag
Hepliaklqana
Kikubaaqudgha
Makhleb
Nemelex Xobeh
Okawaru
Qazlal
Ru
Sif Muna
Trog
Uskayaw
Vehumet
Wu Jian
Xom
Yredelemnul
Zin
The Shining One

Shops:
D:1 (

Annotations:
Lair:4 1 runed translucent door, Shayle's ghost, journeyman DsCj


Innate Abilities, Weirdness & Mutations

You have a pair of horns on your head.
You reflexively headbutt those who attack you in melee.


Message History

The black mamba barely misses you.
You slash the black mamba!
The black mamba is lightly wounded.
You slash the fungus!
The fungus begins to die.
The black mamba bites you but does no damage.
You block the black mamba's attack.
You barely miss the black mamba. Your headbutt misses the black mamba.
The black mamba is lightly wounded.
You slash the fungus! The black mamba closely misses you.
You barely miss the black mamba.
The black mamba is lightly wounded.
You hit the fungus. You block the black mamba's attack.
You miss the black mamba.
The black mamba is lightly wounded.
You hit the fungus. The black mamba closely misses you.
You furiously retaliate!
You headbutt the black mamba! You closely miss the black mamba.
Your headbutt misses the black mamba.
The black mamba is moderately wounded.
You hit the fungus but do no damage. The black mamba bites you.
* * * LOW HITPOINT WARNING * * *
You miss the black mamba.
The black mamba is moderately wounded.
You slash the fungus! The black mamba bites you!
* * * LOW HITPOINT WARNING * * *
The black mamba bites you but does no damage.
You slash the black mamba!
The black mamba is severely wounded.
You slash the fungus!
A nearby fungus withers and dies.
The black mamba bites you!
* * * LOW HITPOINT WARNING * * *
You slash the black mamba!
The black mamba is almost dead.
The black mamba barely misses you.
You hit the black mamba but do no damage.
Your headbutt misses the black mamba.
The black mamba is almost dead.
The black mamba bites you!
* * * LOW HITPOINT WARNING * * *
The black mamba bites you!
You die...

#....#..##.†..##.....
##......###....#.....
##........##...##....
#.....÷....##...#....
#...........##..##..#
#..#.........##..#..#
##.....###....##.#
##...## ###...###
#.@## ###).# #.S.#
#### . #...# .. #...#


PP. ##...# ####.... #....# ###†.....# #.#..## ###.†)#..### ##....###.F..## ##
#P.......†.## You could see a black mamba.

Vanquished Creatures
  Gastronok (Lair:2)
  Josephine (Lair:3)
  Harold (Lair:2)
  A hydra (Lair:5)
  A boulder beetle (Lair:4)
  A two-headed ogre (D:10)
  6 death yaks
  2 skysharks (Lair:4)
  Pikel (D:7)
  A wolf spider (Lair:5)
  A merfolk siren (Lair:3)
  10 elephants
  2 torpor snails
  17 cane toads
  10 black mambas
  Psyche (D:9)
  3 rime drakes
  9 komodo dragons
  3 polar bears
  Grinder (D:4)
  2 hornets
  5 dream sheep (Lair:2)
  31 yaks
  4 wraiths (Lair:3)
  Eustachio (D:4)
  8 wyverns
  4 basilisks
  Edmund (D:6)
  19 water moccasins
  7 orc warriors
  4 black bears
  3 ice beasts
  5 wolves (Lair:5)
  3 sky beasts
  An ogre (D:6)
  3 centaurs
  2 kobold brigands
  A phantom (D:5)
  6 bullfrogs
  8 scorpions
  21 wights
  5 killer bees (D:10)
  6 howler monkeys
  4 hounds
  3 orc priests
  A gnoll bouda (D:9)
  2 iguanas
  14 orc wizards
  Natasha (thrice) (D:4)
  2 hell rats (Lair:4)
  4 gnolls (D:9)
  6 river rats (Lair:4)
  7 adders
  3 white imps
  An ufetubus (D:5)
  2 worms
  5 dart slugs
  54 orcs
  8 bats
  5 endoplasms
  4 giant cockroaches
  8 hobgoblins
  2 jackals (D:2)
  3 quokkas
  5 ball pythons
  2 frilled lizards (D:1)
  6 goblins
  15 kobolds
  7 rats
399 creatures vanquished.

Vanquished Creatures (collateral kills)
  3 death yaks (Lair:5)
3 creatures vanquished.

Vanquished Creatures (others)
  50 fungi
  103 plants
153 creatures vanquished.

Grand Total: 555 creatures vanquished

Notes
Turn   | Place    | Note
-------+----------+-------------------------------------------
     0 | D:1      | retardedninja the Minotaur Fighter began the quest for the
                  | Orb.
     0 | D:1      | Reached XP level 1. HP: 19/19 MP: 0/0
   256 | D:1      | Reached XP level 2. HP: 26/27 MP: 1/1
   326 | D:1      | Found a faded altar of an unknown god.
   473 | D:1      | Found Zeqor's Antique Weapon Boutique.
  1000 | D:2      | Reached skill level 3 in Axes
  1087 | D:2      | Reached XP level 3. HP: 32/33 MP: 2/2
  1268 | D:2      | Reached XP level 4. HP: 41/41 MP: 3/3
  1600 | D:3      | Got the Lectures on Phlogiston and Momentum
  1934 | D:3      | Reached XP level 5. HP: 29/47 MP: 4/4
  2064 | D:3      | Reached skill level 4 in Axes
  2298 | D:4      | Found a burning altar of Makhleb.
  2329 | D:4      | Noticed Grinder
  2339 | D:4      | Killed Grinder
  2340 | D:4      | Reached skill level 5 in Fighting
  2340 | D:4      | Reached skill level 5 in Armour
  2340 | D:4      | Reached skill level 5 in Shields
  2340 | D:4      | Reached XP level 6. HP: 22/56 MP: 5/5
  2622 | D:4      | Noticed Eustachio
  2653 | D:4      | Killed Eustachio
  2654 | D:4      | Reached skill level 5 in Axes
  2654 | D:4      | Reached XP level 7. HP: 39/62 MP: 6/6
  2774 | D:4      | Noticed Natasha
  2782 | D:4      | Killed Natasha
  3145 | D:4      | Noticed Natasha
  3158 | D:4      | Killed Natasha
  3247 | D:4      | Noticed Natasha
  3250 | D:4      | Killed Natasha
  3552 | D:5      | Entered Level 5 of the Dungeon
  3670 | D:5      | Found a shadowy altar of Dithmenos.
  4063 | D:5      | Reached skill level 6 in Axes
  4074 | D:5      | Reached XP level 8. HP: 47/71 MP: 7/7
  4960 | D:6      | Noticed Edmund
  4975 | D:6      | Killed Edmund
  5283 | D:6      | Reached skill level 7 in Axes
  5943 | D:6      | Reached XP level 9. HP: 81/81 MP: 8/8
  7074 | D:7      | Found a staircase to the Ecumenical Temple.
  7161 | Temple   | Entered the Ecumenical Temple
  7221 | Temple   | Became a worshipper of Trog the Wrathful
  7416 | D:7      | Noticed Pikel
  7429 | D:7      | Killed Pikel
  7430 | D:7      | Reached skill level 8 in Axes
  8220 | D:8      | Found a radiant altar of Vehumet.
  8220 | D:8      | Found a hide-covered altar of Uskayaw.
  8220 | D:8      | Found a shimmering altar of Xom.
  8223 | D:8      | Found a blossoming altar of Fedhas.
  8223 | D:8      | Found a snail-covered altar of Cheibriados.
  8225 | D:8      | Found an ancient bone altar of Kikubaaqudgha.
  8226 | D:8      | Found a shimmering blue altar of Sif Muna.
  8282 | D:8      | Reached * piety under Trog
  8426 | D:8      | Reached skill level 9 in Axes
  8442 | D:8      | Reached XP level 10. HP: 74/91 MP: 9/9
  9313 | D:9      | Found a staircase to the Orcish Mines.
  9439 | D:9      | Found a staircase to the Lair.
  9453 | D:9      | Reached ** piety under Trog
  9548 | D:9      | Reached skill level 10 in Shields
  9651 | D:9      | Reached skill level 10 in Fighting
  9836 | D:9      | Reached skill level 10 in Armour
 10428 | D:9      | Noticed Psyche
 10439 | D:9      | Killed Psyche
 10440 | D:9      | Reached skill level 10 in Axes
 10543 | D:10     | Entered Level 10 of the Dungeon
 10771 | D:10     | Noticed a two-headed ogre
 10780 | D:10     | Killed a two-headed ogre
 11045 | D:10     | Noticed a cyclops
 11182 | D:10     | Identified a scroll of acquirement
 11184 | D:10     | Acquired the ring of Insomnia {Drain rF+ Will+ Str+4
                  | Stlth+}
 11260 | Lair:1   | Entered Level 1 of the Lair of Beasts
 11361 | Lair:1   | Noticed a cane toad
 11368 | Lair:1   | Killed a cane toad
 11829 | Lair:1   | Reached XP level 11. HP: 101/101 MP: 10/10
 12523 | Lair:1   | Reached skill level 11 in Axes
 13095 | Lair:2   | Noticed Harold
 13110 | Lair:2   | Killed Harold
 13128 | Lair:2   | Reached *** piety under Trog
 13454 | Lair:2   | Found a hole to the Spider Nest.
 13566 | Lair:2   | Reached skill level 12 in Axes
 13722 | Lair:2   | Reached XP level 12. HP: 93/112 MP: 11/11
 14097 | Lair:2   | Noticed Gastronok
 14120 | Lair:2   | Killed Gastronok
 15093 | Lair:3   | Noticed Josephine
 15506 | Lair:3   | Killed Josephine
 15514 | Lair:3   | Reached **** piety under Trog
 15629 | Lair:3   | Reached skill level 13 in Axes
 16591 | Lair:3   | Found a staircase to the Shoals.
 16862 | Lair:4   | Noticed a boulder beetle
 16881 | Lair:4   | Killed a boulder beetle
 16934 | Lair:4   | Reached XP level 13. HP: 117/122 MP: 12/12
 17167 | Lair:4   | Found a runed translucent door.
 17168 | Lair:4   | Noticed Shayle's ghost (journeyman DsCj)
 17599 | Lair:4   | Reached skill level 14 in Axes
 17889 | Lair:5   | Entered Level 5 of the Lair of Beasts
 19201 | Lair:5   | Reached skill level 15 in Axes
 19790 | Lair:5   | Slain by a black mamba

Illustrated notes

Levels and vault maps discovered:
D:1:      giann_wishing_wells, layout_basic, shapermc_ecumenical_altar_ellora,
          serial_shops, nicolae_shop_waterfront
D:2:      layout_rooms, minmay_pentomino_u4
D:3:      layout_rooms, minmay_misc_feat_square
D:4:      layout_gridville, overflow_temple_1_default, uniq_natasha,
          uniq_eustachio, uniq_grinder
D:5:      layout_gridville, nicolae_dithmenos_through_a_glass_darkly,
          minmay_tree_intersection
D:6:      layout_gridville, hangedman_decor_clover_reticule, uniq_edmund
D:7:      layout_loops_ring, temple_green, uniq_pikel
D:8:      layout_loops_ring, grunt_temple_overflow_open, special_room
          [special_room_orc]
D:9:      layout_loops_ring, lair_entry_dummy, hangedman_decor_opposing,
          serial_bayou_pond_c, uniq_psyche
D:10:     layout_loops_ring, special_room [special_room_kobold], enter_bailey_3,
          minmay_checkerbox
Temple:   cyrus_circular_temple
Lair:1:   layout_layer_cave, hangedman_lair_unloving_vines
Lair:2:   layout_loops_ring, nicolae_spider_entry_non_spiders,
          grunt_megastairs_4, uniq_gastronok, uniq_harold
Lair:3:   layout_regular_city, elwin_shoals_entry_rooms, uniq_josephine
Lair:4:   layout_loops_ring, gammafunk_ghost_grave, kennysheep_rathole
Lair:5:   hangedman_lair_tendril_chambers, layout_loops_ring, slime_entry_1,
          grunt_megastairs_5, uniq_snorg

Skill      XL: |  1  2  3  4  5  6  7  8  9 10 11 12 13 |
---------------+----------------------------------------+-----
Shields        | 4 5 6 7 9 10 12 13 14 | 14.7
Armour         | 4 5 6 7 9 10 12 13 14 | 14.6
Fighting       | 4 5 6 7 9 10 12 13 14 | 14.7
Axes           | 3 4 5 6 7 9 10 12 13 15 | 15.7

Action                     |  1- 3 |  4- 6 |  7- 9 | 10-12 | 13-15 || total
---------------------------+-------+-------+-------+-------+-------++-------
  Melee: War axe           |    78 |    71 |   340 |   585 |   299 ||  1373
         Headbutt          |     7 |     8 |    44 |   145 |    67 ||   271
         Unarmed           |       |       |     9 |       |       ||     9
  Throw: Javelin           |       |       |     7 |       |       ||     7
 Invoke: Brothers in Arms  |       |       |       |       |     2 ||     2
         Berserk           |       |       |       |       |     1 ||     1
  Evoke: Wand              |       |     2 |       |     4 |     1 ||     7
         Condenser vane    |       |       |       |       |     1 ||     1
    Use: Potion            |       |     1 |       |    16 |     1 ||    18
         Scroll            |       |       |    19 |    13 |       ||    32
   Stab: Invisible         |       |       |       |     1 |       ||     1
 Armour: Scale mail        |    35 |    31 |     2 |       |       ||    68
         Chain mail        |       |       |   213 |       |       ||   213
         Skin              |       |       |     3 |       |       ||     3
         Plate armour      |       |       |       |   317 |   155 ||   472
  Dodge: Dodged            |    36 |    34 |   129 |   191 |   105 ||   495
  Block: Buckler           |    19 |     8 |    96 |   163 |    83 ||   369

Table legend: (Time is in decaauts)
 A = Elapsed time spent in this place.
 B = Non-inter-level travel time spent in this place.
 C = Inter-level travel time spent in this place.
 D = Time resting spent in this place.
 E = Time spent auto-exploring this place.
 F = Levels seen in this place.
 G = Mean time per level.
                   A        B        C        D        E       F      G
               +--------+--------+--------+--------+--------+-----+--------+
         Total |  19807 |  18975 |    832 |   5502 |  10722 |  16 | 1237.9 |
       Dungeon |  11320 |  10687 |    633 |   2310 |   6688 |  10 | 1132.0 |
        Temple |     65 |     53 |     12 |      0 |     42 |   1 |   65.0 |
          Lair |   8421 |   8234 |    187 |   3191 |   3992 |   5 | 1684.2 |
               +--------+--------+--------+--------+--------+-----+--------+

Top non-repeatable levels by time:
  Lair:2: 2149 daAuts
  Lair:4: 2040 daAuts
     D:6: 1980 daAuts
  Lair:1: 1797 daAuts
  Lair:3: 1586 daAuts
     D:5: 1400 daAuts
     D:9: 1390 daAuts
     D:8: 1253 daAuts
     D:4: 1157 daAuts
     D:1: 1043 daAuts
     D:7: 1033 daAuts
  Lair:5: 847 daAuts
     D:3: 829 daAuts
    D:10: 649 daAuts
     D:2: 582 daAuts
